 Dungeon Crawl Stone Soup version 0.20.1-1-g8b1a95d (webtiles) character file.

78 Principatus the Slasher (level 4, -1/37 HPs)
             Began as a Centaur Warper on July 30, 2017.
             Slain by a kobold
             ... wielding a +0 short sword
              (5 damage)
             ... on level 2 of the Dungeon.
             The game lasted 00:08:48 (1146 turns).

Principatus the Slasher (Centaur Warper)            Turns: 1146, Time: 00:08:49

Health: -1/37      AC:  5    Str: 14    XL:     4   Next: 15%
Magic:  6/6        EV:  8    Int: 13    God:
Gold:   99         SH:  0    Dex:  8    Spells: 6/6 levels left

rFire    . . .     SeeInvis .   b - +1 spear (freeze)
rCold    . . .     Gourm    .   (no shield)
rNeg     . . .     Faith    .   o - +0 ring mail
rPois    .         Spirit   .   (no helmet)
rElec    .         Reflect  .   (no cloak)
rCorr    .         Harm     .   (no gloves)
MR       .....                  (no barding)
Stlth    ..........             (no amulet)
Regen    0.2/turn               (no ring)
MPRegen  0.1/turn               (no ring)

@: very quick
A: hooves 3, deformed body, speed 2, tough skin 3
a: no special abilities


You were on level 2 of the Dungeon.
You were not hungry.

You visited 1 branch of the dungeon, and saw 2 of its levels.

You collected 99 gold pieces.

Inventory:

Hand Weapons
 a - a +0 falchion
 b - a +1 spear of freezing (weapon)
 p - a +0 hunting sling
Missiles
 e - 2 tomahawks of dispersal (quivered)
 k - 3 tomahawks
 q - 20 sling bullets
Armour
 o - a +0 ring mail (worn)
Scrolls
 d - a scroll of blinking
 g - a scroll of immolation
 h - a scroll of teleportation {unknown}
 j - 3 scrolls of identify
Potions
 l - a potion of resistance {unknown}
 m - a potion of brilliance {unknown}
 n - a potion of haste {unknown}
Books
 c - a book of Spatial Translocations

   Spells                             Type                      Level
   a - Blink                          Translocation                2
   b - Shroud of Golubria             Charms/Translocation         2
   c - Lesser Beckoning               Translocation                3
   d - Gell's Gravitas                Translocation                3
   e - Teleport Other                 Translocation                3
   f - Passage of Golubria            Translocation                4
Comestibles
 f - a bread ration
 i - a royal jelly


   Skills:
 + Level 2.7 Fighting
 * Level 3.3 Long Blades
 - Level 1.1 Throwing
 - Level 0.6 Armour
 - Level 1.3 Dodging
 - Level 1.9 Spellcasting
   Level 2.6 Translocations


You had 6 spell levels left.
You didn't know any spells.

Dungeon Overview and Level Annotations

Branches:
Dungeon (2/15)

Altars:


Innate Abilities, Weirdness & Mutations

You have hooves in place of feet.
Armour fits poorly on your strangely shaped body.
You cover ground very quickly.
You have extremely tough skin. (AC +3)


Message History

The jackal bites you.
* * * LOW HITPOINT WARNING * * *
The kobold barely misses you. The jackal barely misses you.
The kobold hits you with a short sword.
* * * LOW HITPOINT WARNING * * *
The jackal bites you.
* * * LOW HITPOINT WARNING * * *
The jackal bites you but does no damage.
The kobold hits you but does no damage.
The jackal bites you but does no damage.
The kobold closely misses you.
The jackal closely misses you. x2; The kobold hits you with a short sword.
* * * LOW HITPOINT WARNING * * *
The jackal closely misses you. The kobold hits you but does no damage.
The jackal bites you but does no damage.
The kobold hits you but does no damage. The jackal barely misses you.
The jackal closely misses you. The kobold hits you but does no damage.
The jackal bites you but does no damage.
The kobold hits you with a short sword.
You die...

#.# #.....####
....##........#
....>..(...##.#
..........###.#
###.####.####.# .
#.......#.###########
#..$....#...........#
#...(h..####.######.#
#.%..@......#.# #.#
#....K.[####.## #.#
#.......# #.# ###
#.......# #.# ...
######### #.# #.# #.#
#.# #.#


You could see a jackal and a kobold.

Vanquished Creatures
  Natasha (D:2)
  A gnoll (D:1)
  2 leopard geckos (D:1)
  2 giant cockroaches
  7 goblins
  8 hobgoblins
  7 jackals
  2 kobolds
  2 bats
  A frilled lizard (D:1)
  A rat (D:1)
34 creatures vanquished.

Notes
Turn   | Place    | Note
-------+----------+-------------------------------------------
     0 | D:1      | Principatus the Centaur Warper began the quest for the Orb.
     0 | D:1      | Reached XP level 1. HP: 17/17 MP: 3/3
    91 | D:1      | Reached skill level 2 in Long Blades
   226 | D:1      | Reached XP level 2. HP: 20/24 MP: 4/4
   509 | D:1      | Reached XP level 3. HP: 21/29 MP: 5/5
   903 | D:2      | Noticed Natasha
   922 | D:2      | Killed Natasha
   922 | D:2      | Reached skill level 3 in Long Blades
   957 | D:2      | Reached XP level 4. HP: 26/37 MP: 6/6
  1146 | D:2      | Slain by a kobold

Skill      XL: |  1  2  3 |
---------------+----------+-----
Long Blades    | 2 3 |  3.3
Fighting       | |  2.7
Throwing       | |  1.1
Armour         | |  0.6
Dodging        | |  1.3
Spellcasting   | |  1.9
Translocations | |  2.6

Action                   |  1- 3 |  4- 6 || total
-------------------------+-------+-------++-------
Melee: Falchion          |    75 |       ||    75
       Kick              |    10 |     4 ||    14
       Spear             |    12 |    18 ||    30
 Fire: Hunting sling     |       |     6 ||     6
Throw: Tomahawk          |     3 |       ||     3
  Use: Scroll            |     1 |       ||     1
Armor: Leather armour    |    25 |       ||    25
       Ring mail         |    12 |    51 ||    63
Dodge: Dodged            |    39 |    41 ||    80
       Rpst.: Falchion   |    14 |       ||    14
